AoeStats
← Ux'RaúlME

Arena

506539731Analyzed
4v4 RM · 19d ago on Sep 14, 2026· 44m 48s· 8 players
Game mode
Random Map
Map size
Large (8 player)
Population
200
Speed
Normal
Resources
Standard
Victory
Conquest
Starting age
Dark Age
Ending age
Imperial Age
RankedLock teamsTeams togetherTeam positionsShared explorationLock speedFull tech treeHidden civsTurbo modeCheats
Victory
Defeat
🇲🇽 Franks · Mexico
1312
+13
🇲🇽 Vietnamese · Mexico
1281
+15
🇲🇽 Koreans · Mexico
1277
+15
🇮🇱 Turks · Israel
1156
+20
🇨🇴 Persians · Colombia
1286
-17
🇲🇽 Jurchens · Mexico
1266
-16
🇦🇷 Vietnamese · Argentina
1222
-15
🇵🇱 Shu · Poland
1222
-15
mairlarabe
10:06 Feudal Age
14:17 Castle Age
12:55 Double-Bit Axe
14:20 Horse Collar
19:36 Fortified Wall
22:31 Treadmill Crane
23:26 Gold Mining
24:01 Masonry
25:22 Fortified Bastions
25:29 Guard Tower
26:01 Fletching
25:44 Elite Skirmisher
26:38 Loom
27:29 Wheelbarrow
26:39 Town Watch
27:48 Ballistics
31:28 Imperial Age
29:17 Scale Mail Armor
29:47 Pikeman
30:14 Gambesons
30:30 Squires
30:15 Arson
31:25 Bodkin Arrow
33:33 Halberdier
34:26 Forging
35:27 Imperial Skirmisher
36:57 Bracer
37:55 Architecture
39:28 Chain Mail Armor
42:09 Keep
43:00 Arrowslits
44:36 Padded Archer Armor
45:12 Iron Casting
OneHandMen
10:50 Feudal Age
9:34 Loom
11:21 Feudal Age
22:33 Castle Age
20:44 Horse Collar
21:12 Double-Bit Axe
21:34 Gold Mining
22:21 Scale Mail Armor
23:36 Chain Mail Armor
24:13 Squires
25:49 Town Watch
28:22 Wheelbarrow
33:41 Imperial Age
32:28 Forging
32:11 Stone Mining
32:33 Arson
33:32 Bow Saw
35:01 Plate Mail Armor
36:32 Stone Shaft Mining
39:52 Hand Cart
40:31 Treadmill Crane
40:48 Murder Holes
43:14 Chemistry
43:19 Iron Casting
43:12 Ballistics
44:14 Heavy Plow
Bipedal_Man
10:14 Feudal Age
14:20 Castle Age
13:52 Double-Bit Axe
13:48 Horse Collar
20:16 Fletching
21:15 Bodkin Arrow
21:06 Crossbowman
24:12 Loom
25:03 Wheelbarrow
26:02 Wheelbarrow
28:35 Imperial Age
26:33 Thumb Ring
26:31 Padded Archer Armor
27:52 Leather Archer Armor
27:39 Scale Mail Armor
27:49 Forging
28:01 Ballistics
28:35 Forging
29:23 Hand Cart
29:34 Bracer
28:56 Arbalester
30:38 Chemistry
30:34 Chain Mail Armor
31:37 Siege Engineers
32:23 Plate Mail Armor
31:44 Elite White Feather Guard
33:43 Conscription
35:31 Squires
38:15 Coiled Serpent Array
39:12 Gold Mining
39:09 Town Watch
39:37 Bow Saw
41:39 Heavy Plow
Milongo
11:40 Feudal Age
15:20 Castle Age
13:42 Horse Collar
14:39 Double-Bit Axe
15:30 Gold Mining
16:34 Bow Saw
21:14 Loom
22:26 Wheelbarrow
21:37 Town Watch
23:52 Gold Shaft Mining
23:13 Stone Mining
25:54 Hand Cart
26:10 Heavy Plow
26:47 Gold Shaft Mining
30:48 Imperial Age
28:35 Scale Barding Armor
28:40 Forging
29:42 Chain Barding Armor
29:47 Bloodlines
29:38 Husbandry
31:24 Iron Casting
31:52 Plate Barding Armor
32:06 Cavalier
33:16 Guilds
33:42 Savar
37:27 Conscription
37:24 Heavy Camel Rider
37:29 Light Cavalry
42:16 Two-Man Saw
41:48 Crop Rotation
42:50 Hussar
Ux'RaúlME
11:18 Feudal Age
10:06 Loom
12:09 Loom
15:20 Castle Age
13:18 Double-Bit Axe
13:30 Gold Mining
18:15 Gold Shaft Mining
17:30 Stone Mining
20:04 Fervor
24:40 Wheelbarrow
27:44 Imperial Age
25:45 Scale Barding Armor
26:18 Forging
26:00 Fletching
27:11 Chain Barding Armor
27:11 Bow Saw
27:13 Husbandry
28:11 Ballistics
27:54 Bodkin Arrow
28:36 Iron Casting
28:21 Cavalier
29:59 Stone Mining
31:40 Plate Barding Armor
32:06 Blast Furnace
32:12 Hand Cart
33:23 Conscription
33:15 Padded Archer Armor
32:44 Paladin
33:46 Town Watch
37:27 Bodkin Arrow
38:38 Chivalry
40:50 Caravan
41:20 Coinage
Ux'RaulitoMD
11:40 Feudal Age
12:07 Loom
13:24 Double-Bit Axe
13:23 Horse Collar
16:05 Castle Age
14:19 Gold Mining
14:41 Scale Barding Armor
15:50 Wheelbarrow
15:58 Town Watch
16:52 Forging
25:55 Heavy Plow
26:15 Bow Saw
27:54 Stone Mining
28:44 Iron Casting
28:31 Chain Barding Armor
28:33 Hand Cart
28:20 Town Patrol
31:51 Imperial Age
29:38 Fletching
29:49 Scale Mail Armor
30:27 Chatras
31:39 Stone Shaft Mining
31:03 Bodkin Arrow
31:08 Padded Archer Armor
31:37 Bloodlines
31:27 Husbandry
30:49 Light Cavalry
32:20 Squires
32:05 Arson
31:41 Pikeman
31:41 Man-at-Arms
33:33 Plate Barding Armor
32:59 Bracer
34:06 Paper Money
34:20 Chain Mail Armor
35:11 Elite Battle Elephant
35:59 Cavalier
38:00 Hoardings
38:35 Two-Man Saw
38:40 Chemistry
37:36 Murder Holes
37:52 Fortified Wall
38:38 Guard Tower
39:19 Halberdier
40:35 Plate Mail Armor
40:21 Leather Archer Armor
40:37 Elite Fire Lancer
43:27 Long Swordsman
Spitfire
11:24 Feudal Age
15:43 Castle Age
14:38 Double-Bit Axe
15:53 Loom
17:27 Bow Saw
17:00 Horse Collar
23:23 Wheelbarrow
27:43 Imperial Age
25:32 Padded Archer Armor
25:33 Gold Mining
28:05 Gold Shaft Mining
29:11 Murder Holes
29:36 Stone Mining
30:40 Fletching
31:54 Artillery
37:59 Leather Archer Armor
37:40 Bodkin Arrow
39:12 Ring Archer Armor
39:10 Hand Cart
39:45 Ballistics
39:18 Guard Tower
39:14 Arrowslits
43:48 Conscription
HK | Jai Guru Deva
6:38 Loom
8:58 Feudal Age
10:29 Fletching
14:11 Horse Collar
14:16 Double-Bit Axe
21:12 Wheelbarrow
23:39 Castle Age
21:51 Stone Mining
23:32 Gold Mining
24:27 Scale Mail Armor
24:38 Forging
25:35 Chain Mail Armor
28:01 Heavy Plow
28:11 Bow Saw
33:26 Stone Shaft Mining
36:27 Squires
36:12 Gambesons
36:14 Arson
38:17 Treadmill Crane
38:47 Masonry
38:49 Fortified Wall
40:29 Iron Casting
42:43 Imperial Age
40:38 Pikeman
43:25 Elite Fire Lancer
45:51 Gold Shaft Mining
Connection lost

Rejoining the realm…

Still unreachable

The connection could not be restored.

Session expired

The server has moved on; the page needs a fresh start.